 Dungeon Crawl Stone Soup version 0.14-a0-1626-g054e7ae (webtiles) character file.

225 M4edhros the Sneak (level 5, -6/33 HPs)
             Began as an Octopode Artificer on Dec 26, 2013.
             Mangled by a gnoll
             ... wielding a +0,+0 halberd
              (10 damage)
             ... on Level 4 of the Dungeon.
             The game lasted 00:03:18 (2487 turns).

M4edhros the Sneak (Octopode Artificer)             Turns: 2487, Time: 00:03:18

HP  -6/33        AC  1     Str 10      XL: 5   Next: 44%
MP   7/7         EV 12     Int 16      God:
Gold 62          SH  0     Dex 12      Spells:  0 memorised,  4 levels left

rFire  . . .     SeeInvis .     o - +4,+0 elf short sword
rCold  . . .     Clarity  .     (no shield)
rNeg   . . .     Conserve .     (helmet restricted)
rPois  .         rCorr    .     (no amulet)
rElec  .         rRot     .     (no ring)
SustAb . .       Spirit   .     (no ring)
rMut   .         Warding  .     (no ring)
Saprov . . .     Stasis   .     (no ring)
                                (no ring)
                                (no ring)
                                (no ring)
                                (no ring)

@: slightly resistant to hostile enchantments, very stealthy
A: almost no armour, amphibious, 8 rings, constrict 8, camouflage 1, gelatinous
body 1
a: no special abilities


You were on level 4 of the Dungeon.
You were hungry.

You visited 1 branch of the dungeon, and saw 4 of its levels.

You collected 62 gold pieces.

Inventory:

Hand weapons
 a - a +0,+0 short sword
 e - a +0,+0 elven short sword
 k - a +0,+0 short sword
 o - a +4,+0 elven short sword (weapon)
Magical devices
 b - a wand of flame (12)
 c - a wand of enslavement (11)
 d - a wand of random effects (14)
 g - a wand of polymorph (17) {unknown}
Comestibles
 f - 3 bread rations
 q - an apple
Scrolls
 h - a scroll of random uselessness {unknown}
 i - 2 scrolls of fog {unknown}
 j - a scroll of amnesia {unknown}
 l - 2 scrolls of identify {unknown}
 m - 2 scrolls of remove curse {unknown}
 n - a scroll of recharging
 s - 2 scrolls of magic mapping {unknown}


   Skills:
 - Level 1.0 Fighting
 - Level 1.0 Short Blades
 - Level 2.0 Dodging
 + Level 7.4 Stealth
 - Level 3.2 Evocations


You had 4 spell levels left.
You didn't know any spells.

Dungeon Overview and Level Annotations

Branches:
Dungeon (4/16)
 Temple: D:4-7

Altars:


Innate Abilities, Weirdness & Mutations

You cannot wear most types of armour.
You are amphibious.
You can wear up to eight rings at the same time.
You can use your tentacles to constrict many enemies at once.
Your skin changes colour to match your surroundings (Stlth).
Your rubbery body absorbs attacks (AC +1).


Message History

* * * LOW HITPOINT WARNING * * *
The gnoll closely misses you.
Unknown command.
You hit the gnoll but do no damage.
The gnoll is almost dead.
You constrict the gnoll.
You kill the gnoll!
The giant gecko bites you but does no damage.
The gnoll closely misses you. The giant gecko bites you.
* * * LOW HITPOINT WARNING * * *
Evoke which item? (* to show all) (? for menu, Esc to quit)
Zapping:
c - a wand of enslavement (12)
Press: ? - help, Shift-Dir - straight line, f - gnoll
Aim: a gnoll, wielding a whip The gnoll struggles to resist.
This wand has 11 charges left.
The giant gecko barely misses you.
The gnoll unwields an uncursed whip.
The gnoll drops an uncursed whip.
The gnoll picks up a halberd.
The gnoll wields a halberd.
The gnoll misses you.
The gnoll hits you from afar with a halberd!
You die...

#..# #.# .. #..##
#.# ## #.#.###..#
#.#....#..
#.#.#.#.########.#
#........$.......#
###.###.##[#######
#.....##.#
#.######@#### .
#l...# #.g...#
#.g...# ..>...#
##...... ...##.
(..# ...#


You could see 2 gnolls and a giant gecko.

Vanquished Creatures
  5 gnolls
  4 adders
  A worm (D:2)
  An ooze (D:1)
  2 ball pythons (D:1)
  4 giant cockroaches
  6 goblins
  9 hobgoblins
  7 jackals
  6 kobolds
  A quokka (D:2)
  11 bats
  6 giant geckos
  5 giant newts
  10 rats
78 creatures vanquished.

Vanquished Creatures (collateral kills)
  A giant cockroach (D:2)
  A jackal (D:2)
  A bat (D:2)
3 creatures vanquished.

Grand Total: 81 creatures vanquished

Notes
Turn   | Place    | Note
--------------------------------------------------------------
     0 | D:1      | M4edhros, the Octopode Artificer, began the quest for the Orb.
     0 | D:1      | Reached XP level 1. HP: 13/13 MP: 1/1
   120 | D:1      | Reached XP level 2. HP: 18/18 MP: 3/3
   509 | D:1      | Reached skill level 4 in Stealth
   518 | D:1      | Reached XP level 3. HP: 11/23 MP: 4/4
  1349 | D:2      | Reached skill level 5 in Stealth
  1490 | D:2      | Reached XP level 4. HP: 17/28 MP: 6/6
  1905 | D:2      | Reached skill level 6 in Stealth
  2166 | D:2      | Reached XP level 5. HP: 12/33 MP: 7/7
  2398 | D:2      | Reached skill level 7 in Stealth
  2487 | D:4      | Mangled by a gnoll

Action                   |  1- 3 |  4- 6 || total
-------------------------+-------+-------++-------
Melee: Short sword       |    96 |    71 ||   167
Evoke: Wand              |     2 |     6 ||     8
  Use: Potion            |     4 |       ||     4
       Scroll            |       |     2 ||     2
 Stab: Sleeping          |     6 |     5 ||    11
